 Dungeon Crawl Stone Soup version 0.29-a0-819-g94b489e0ae (webtiles) character file.

Game seed: 6652660200345801277

17 Ayihk420 the Cudgeller (level 2, 0/26 HPs)
             Began as a Gnoll Wanderer on July 7, 2022.
             Slain by an endoplasm (2 damage)
             ... on level 1 of the Dungeon.
             The game lasted 00:01:39 (817 turns).

Ayihk420 the Cudgeller (Gnoll Wanderer)              Turns: 817, Time: 00:01:39

Health: 0/26       AC:  3    Str: 18    XL:     2   Next: 62%
Magic:  5/5        EV: 11    Int:  7    God:
Gold:   24         SH:  0    Dex:  8    Spells: 2/2 levels left

rFire   . . .      SeeInvis .   a - +3 dagger
rCold   . . .      Faith    .   (no shield)
rNeg    . . .      Spirit   .   e - +0 leather armour
rPois   .          Reflect  .   (no helmet)
rElec   .          Harm     .   (no cloak)
rCorr   .          Rampage  .   (no gloves)
Will    .....                   (no boots)
Stlth   +.........              (no amulet)
HPRegen 0.08/turn               (no ring)
MPRegen 0.09/turn               (no ring)

@: no status effects
A: fangs 1, strong nose, distributed training
a: no special abilities


You were on level 1 of the Dungeon.
You visited 1 branch of the dungeon, and saw 1 of its levels.

You collected 24 gold pieces.

Inventory:

Hand Weapons
 a - a +3 dagger (weapon)
Missiles
 b - 4 curare-tipped darts (quivered)
 c - 4 stones
Armour
 e - a +0 leather armour (worn)
Scrolls
 f - 2 scrolls of blinking {unknown}
 g - a scroll of fog {unknown}
Potions
 d - a potion of haste


   Skills:
 + Level 4.5 Fighting
 + Level 0.5 Short Blades
 + Level 0.5 Long Blades
 + Level 0.5 Axes
 + Level 6.5 Maces & Flails
 + Level 0.5 Polearms
 + Level 0.5 Staves
 + Level 0.5 Ranged Weapons
 + Level 4.5 Throwing
 + Level 0.5 Armour
 + Level 2.5 Dodging
 + Level 0.5 Stealth
 + Level 0.5 Shields
 + Level 0.5 Unarmed Combat
 + Level 0.5 Spellcasting
 + Level 0.3 Conjurations
 + Level 0.3 Hexes
 + Level 0.3 Summonings
 + Level 0.3 Necromancy
 + Level 0.3 Translocations
 + Level 0.3 Transmutations
 + Level 0.3 Fire Magic
 + Level 0.3 Ice Magic
 + Level 0.3 Air Magic
 + Level 0.3 Earth Magic
 + Level 0.3 Poison Magic
 + Level 4.5 Invocations
 + Level 0.5 Evocations


You had 2 spell levels left.
You didn't know any spells.
Your spell library contained the following spells:

 Spells                   Type           Power      Damage    Failure   Level
 Poisonous Vapours        Pois/Air       0%         N/A       56%         2
 Corpse Rot               Necr/Pois/Air  0%         N/A       99%         4


Dungeon Overview and Level Annotations

Branches:
Dungeon (1/15)

Altars:


Innate Abilities, Weirdness & Mutations

You have very sharp teeth.
Your uncanny sense of smell can sniff out nearby items.
Your experience applies equally to all skills.


Message History

A kobold comes into view. It is wielding a +0 club.
The kobold shouts!
You hit the kobold.
The kobold is severely wounded.
The kobold hits you with a +0 club.
You hit the kobold.
You kill the kobold!
You see here a +0 club.
You start resting.
HP restored.
Found a short sword.
You see here a +0 short sword.
Unknown command.
You see here a +0 club.
A kobold comes into view. It is wielding a +0 dagger.
Found 14 gold pieces.
The kobold shouts!
An endoplasm comes into view.
The kobold throws a stone.
The stone hits you.
The endoplasm quivers.
The kobold throws a stone.
The stone misses you. The endoplasm closely misses you.
The kobold throws a stone.
The stone closely misses you. The endoplasm closely misses you.
The kobold hits you with a +0 dagger. The endoplasm barely misses you.
The endoplasm freezes you.
You are frozen.
The kobold hits you with a +0 dagger. The endoplasm freezes you.
You are frozen.
The kobold barely misses you. The endoplasm closely misses you.
The kobold hits you but does no damage. The kobold hits you with a +0 dagger.
The endoplasm hits you. The kobold hits you with a +0 dagger.
The endoplasm hits you.
* * * LOW HITPOINT WARNING * * *
The endoplasm freezes you.
You are frozen.
* * * LOW HITPOINT WARNING * * *
The kobold hits you with a +0 dagger.
* * * LOW HITPOINT WARNING * * *
The endoplasm hits you.
You die...

.$.. . .. ...# .# ..#
##....#..#
...#........#
###.#...#.#..## #
............. .
#.#.#..K#.#..# #
......J@#.#..#
#.#.#...#.#..#
#..........###########
#######.##............
........##############
#########


You could see an endoplasm and a kobold.

Vanquished Creatures
  An endoplasm (D:1)
  A goblin (D:1)
  6 jackals (D:1)
  A quokka (D:1)
  A ball python (D:1)
  A frilled lizard (D:1)
  3 kobolds (D:1)
  A rat (D:1)
15 creatures vanquished.

Notes
Turn   | Place    | Note
-------+----------+-------------------------------------------
     0 | D:1      | Ayihk420 the Gnoll Wanderer began the quest for the Orb.
     0 | D:1      | Ayihk420 set off with the following items: a +3 dagger, 4
                  | curare-tipped darts, a +0 mace, a potion of haste, a +0
                  | leather armour.
     0 | D:1      | Reached XP level 1. HP: 20/20 MP: 3/3
    40 | D:1      | Reached XP level 2. HP: 5/26 MP: 5/5
   817 | D:1      | Slain by an endoplasm

Illustrated notes

Levels and vault maps discovered:
D:1:      mrwooster_arrival_statue, layout_basic, serial_shops, shop

Action                   || total
-------------------------++-------
Melee: Dagger            ||    55
       Bite              ||     1
Armor: Leather armour    ||    11
Dodge: Dodged            ||    52

Table legend: (Time is in decaauts)
 A = Elapsed time spent in this place.
 B = Non-inter-level travel time spent in this place.
 C = Inter-level travel time spent in this place.
 D = Time resting spent in this place.
 E = Time spent auto-exploring this place.
 F = Levels seen in this place.
 G = Mean time per level.
                   A        B        C        D        E       F      G
               +--------+--------+--------+--------+--------+-----+--------+
         Total |    816 |    816 |      0 |    397 |     56 |   1 |  816.0 |
       Dungeon |    816 |    816 |      0 |    397 |     56 |   1 |  816.0 |
               +--------+--------+--------+--------+--------+-----+--------+

Top non-repeatable levels by time:
     D:1: 816 daAuts
